 Dungeon Crawl Stone Soup version 0.31-b1-20-g67cafac56d (webtiles) character file.

Game seed: 16839375367645348085

92 HakonGodeson the Trooper (level 4, -1/35 HPs)
             Began as a Human Fighter on Jan 17, 2024.
             Slain by an ice beast (11 damage)
             ... on level 6 of the Dungeon.
             The game lasted 00:04:12 (771 turns).

HakonGodeson the Trooper (Human Fighter)             Turns: 771, Time: 00:04:15

Health: -1/35      AC: 16    Str: 17    XL:     4   Next: 60%
Magic:  4/4        EV:  1    Int: 10    God:
Gold:   71         SH:  4    Dex: 12    Spells: 3/3 levels left

rFire   . . .        a - +0 long sword
rCold   . . .        c - +0 buckler
rNeg    . . .        g - +0 crystal plate armour
rPois   .            (no helmet)
rElec   .            (no cloak)
rCorr   .            (no gloves)
SInv    .            (no boots)
Will    .....        (no amulet) Stlth
                     (no ring)
HPRegen 0.25/turn    (no ring)
MPRegen 0.09/turn

%: clarity
@: mighty
A: explore regen, clarity, evolution 1
a: no special abilities


You were on level 6 of the Dungeon.
You visited 1 branch of the dungeon, and saw 4 of its levels.

You collected 71 gold pieces.

Inventory:

Hand Weapons
 a - a +0 long sword (weapon)
Armour
 c - a +0 buckler (worn)
 g - a +0 crystal plate armour (worn)
Scrolls
 h - a scroll of teleportation {unknown}
Potions
 e - a potion of brilliance {unknown}
 f - a potion of cancellation


   Skills:
 * Level 3.5 Fighting
 * Level 3.0 Long Blades
 * Level 3.4 Armour
 * Level 0.8 Dodging
 * Level 1.2 Stealth
 * Level 3.3 Shields


You had 3 spell levels left.
You didn't know any spells.
Your spell library was empty.

Dungeon Overview and Level Annotations

Branches:
Dungeon (3/15)

Altars:

Shops:
D:1 (   D:6 *

Annotations:
D:6 Blork the orc


Innate Abilities, Weirdness & Mutations

You regain HP and MP as you explore.
You possess an exceptional clarity of mind.
You have hidden genetic potential.


Message History

An ice beast comes into view.
You slash the scorpion!
You kill the scorpion!
You feel sick.
Your Long Blades skill increases to level 3!
Your Stealth skill increases to level 1!
You have reached level 4!
You feel stronger.
You feel sick.
You feel sick.
You feel sick.
Blork the orc hits you from afar with a +0 trident.
You feel sick.
You are no longer poisoned.
Blork the orc hits you but does no damage.
Blork the orc hits you but does no damage.
It was a potion of mutation.
You feel extremely strange.
Your thoughts seem clearer.
You feel a hidden potential growing inside you.
Blork the orc hits you but does no damage.
The ice beast hits you but does no damage.
You closely miss Blork the orc.
Blork the orc hits you but does no damage.
The ice beast hits you but does no damage.
You barely miss Blork the orc.
Blork the orc hits you but does no damage.
The ice beast hits you but does no damage.
Blork the orc hits you with a +0 trident.
You slash Blork the orc!
Blork the orc is heavily wounded.
You block the ice beast's attack.
Blork the orc hits you with a +0 trident.
The ice beast hits you but does no damage.
You barely miss Blork the orc.
Blork the orc is heavily wounded.
Blork the orc hits you but does no damage.
The ice beast hits you.
* * * LOW HITPOINT WARNING * * *
The ice beast freezes you!
You die...

######
#....###
......
%.#.####
#..$....
##Y∩.#####
#@o.......
#.###..###
#.# # #.#
..) ###..
###


You could see Blork the orc and an ice beast.

Vanquished Creatures
  A scorpion (D:6)
  An adder (D:2)
  A dart slug (D:2)
  3 ball pythons
  2 endoplasms
  2 giant cockroaches
  5 goblins
  2 hobgoblins
  3 kobolds
  2 bats
  A frilled lizard (D:2)
23 creatures vanquished.

Notes
Turn   | Place    | Note
-------+----------+-------------------------------------------
     0 | D:1      | HakonGodeson the Human Fighter began the quest for the Orb.
     0 | D:1      | Reached XP level 1. HP: 18/18 MP: 1/1
    34 | D:1      | Found Oluorox's Weapon Boutique.
   211 | D:1      | Reached XP level 2. HP: 22/24 MP: 2/2
   371 | D:2      | Reached XP level 3. HP: 20/29 MP: 3/3
   755 | D:3      | You fall into a shaft and drop 3 floors!
   755 | D:6      | Found Rotuw's General Store.
   756 | D:6      | Noticed a scorpion
   757 | D:6      | Noticed Blork the orc
   760 | D:6      | Noticed an ice beast
   761 | D:6      | Killed a scorpion
   762 | D:6      | Reached skill level 1 in Stealth
   762 | D:6      | Reached XP level 4. HP: 25/35 MP: 4/4
   767 | D:6      | Gained mutation: You possess an exceptional clarity of
                  | mind. [potion of mutation]
   767 | D:6      | Gained mutation: You have hidden genetic potential. [potion
                  | of mutation]
   771 | D:6      | Slain by an ice beast

Illustrated notes

Levels and vault maps discovered:
D:1:      minmay_arrival_four_circles, layout_basic, serial_shops, shop
D:2:      layout_rooms, hellmonk_ecumenical_altar_blasted
D:3:      layout_basic
D:6:      layout_basic, minmay_temple_entry_mist, serial_shops, shop,
          kennysheep_mini, nicolae_shop_stone, nicolae_shop_crystal, shop,
          corexii_corridor_pit, uniq_blork_the_orc

Skill      XL: |  1  2  3 |
---------------+----------+-----
Long Blades    | 3 |  3.0
Stealth        | 1 |  1.2
Fighting       | |  3.5
Armour         | |  3.4
Dodging        | |  0.8
Shields        | |  3.3

Action                     |  1- 3 |  4- 6 || total
---------------------------+-------+-------++-------
  Melee: Long sword        |    65 |     4 ||    69
    Use: Scroll            |     3 |       ||     3
         Potion            |     1 |     1 ||     2
 Armour: Scale mail        |    35 |       ||    35
         Crystal plate arm |    19 |    14 ||    33
  Dodge: Dodged            |    20 |       ||    20
  Block: Buckler           |    16 |     1 ||    17
